[Event "FICS rated lightning game"]
[Site "FICS freechess.org"]
[FICSGamesDBGameNo "20002703"]
[White "erratic"]
[Black "HNP"]
[WhiteElo "1713"]
[BlackElo "1834"]
[WhiteRD "na"]
[BlackRD "na"]
[TimeControl "60+0"]
[Date "1999.10.16"]
[Time "08:40:00"]
[WhiteClock "0:01:00.000"]
[BlackClock "0:01:00.000"]
[ECO "A10"]
[PlyCount "83"]
[Result "1/2-1/2"]

1. c4 d5 2. cxd5 Nf6 3. e4 c6 4. dxc6 Nxc6 5. Nc3 e5 6. Nf3 Bc5 7. Bb5 O-O 8. Bxc6 bxc6 9. Nxe5 Re8 10. Nxc6 Qc7 11. d4 Bxd4 12. Nxd4 Rd8 13. Be3 Ba6 14. Nce2 Qe5 15. O-O Nxe4 16. Re1 Rac8 17. Rc1 Rxc1 18. Qxc1 Bxe2 19. Nxe2 g6 20. Ng3 Nxg3 21. hxg3 Qb5 22. b3 Qd7 23. Qc5 Qd3 24. Qxa7 Kg7 25. Rc1 Rf8 26. Bd4+ Kh6 27. Qc5 Qd2 28. Be3+ Qxe3 29. Qxe3+ Kg7 30. Rc7 h5 31. Qd4+ Kh6 32. Qf6 h4 33. Rxf7 Rxf7 34. Qxf7 hxg3 35. fxg3 Kg5 36. g4 Kxg4 37. Qxg6+ Kf4 38. Qd3 Kg5 39. Qf3 Kg6 40. b4 Kh6 41. Qf4+ Kh5 42. Qg5+ {White ran out of time and Black has no material to mate} 1/2-1/2

[Event "FICS rated blitz game"]
[Site "FICS freechess.org"]
[FICSGamesDBGameNo "20002702"]
[White "nioccor"]
[Black "Greven"]
[WhiteElo "1577"]
[BlackElo "1648"]
[WhiteRD "na"]
[BlackRD "na"]
[TimeControl "180+0"]
[Date "1999.10.16"]
[Time "07:38:00"]
[WhiteClock "0:03:00.000"]
[BlackClock "0:03:00.000"]
[ECO "D10"]
[PlyCount "102"]
[Result "1-0"]

1. d4 d5 2. c4 c6 3. Nc3 dxc4 4. e3 b5 5. a4 Qb6 6. axb5 cxb5 7. Nd5 Qc6 8. e4 e6 9. Nc3 Bb4 10. Qf3 Nf6 11. e5 Qxf3 12. Nxf3 Bxc3+ 13. bxc3 Nd5 14. Bd2 Bb7 15. Be2 O-O 16. O-O a6 17. Rfb1 Nc6 18. Bxc4 Rfb8 19. Bd3 Nce7 20. Ra3 Rc8 21. Rba1 Nc6 22. Kf1 b4 23. Rb3 bxc3 24. Bxc3 Nxc3 25. Rxb7 Nd5 26. Rxa6 Rxa6 27. Bxa6 Rb8 28. Rxb8+ Nxb8 29. Bb5 Nc3 30. Bc4 Nc6 31. Ke1 Kf8 32. Kd2 Na4 33. Bb5 Ke7 34. Bxc6 Nc5 35. dxc5 Kd8 36. Bb7 Kc7 37. c6 h6 38. Kc3 Kb6 39. Nd4 Kc7 40. Kc4 g6 41. Nb5+ Kb8 42. c7+ Kxb7 43. Kc5 g5 44. Kd6 Kc8 45. Na7+ Kb7 46. Kd7 Kxa7 47. c8=Q Kb6 48. Kd6 Kb5 49. Qc5+ Ka4 50. Qb6 Ka3 51. Kc5 Ka4 {Black resigns} 1-0

[Event "FICS rated blitz game"]
[Site "FICS freechess.org"]
[FICSGamesDBGameNo "20002701"]
[White "perfessor"]
[Black "MrGrey"]
[WhiteElo "1602"]
[BlackElo "1412"]
[WhiteRD "na"]
[BlackRD "na"]
[TimeControl "120+12"]
[Date "1999.10.15"]
[Time "22:42:00"]
[WhiteClock "0:02:00.000"]
[BlackClock "0:02:00.000"]
[ECO "C01"]
[PlyCount "44"]
[Result "0-1"]

1. e4 d5 2. exd5 Nf6 3. c4 e6 4. d4 exd5 5. Nf3 Bg4 6. Qb3 Nc6 7. cxd5 Nxd5 8. Bc4 Bxf3 9. Qxf3 Qe7+ 10. Be3 Nxe3 11. fxe3 O-O-O 12. O-O Kb8 13. Qxf7 Qg5 14. Qf3 Bd6 15. Nc3 Rhf8 16. Qe2 Rfe8 17. d5 Rxe3 18. Qc2 Nd4 19. Qa4 Bc5 20. Kh1 Bd6 21. Ne2 Nxe2 22. Bxe2 Rxe2 {White resigns} 0-1

[Event "FICS rated blitz game"]
[Site "FICS freechess.org"]
[FICSGamesDBGameNo "20002700"]
[White "drbala"]
[Black "VIA"]
[WhiteElo "935"]
[BlackElo "1156"]
[WhiteRD "na"]
[BlackRD "na"]
[TimeControl "300+5"]
[Date "1999.10.15"]
[Time "20:56:00"]
[WhiteClock "0:05:00.000"]
[BlackClock "0:05:00.000"]
[ECO "B20"]
[PlyCount "28"]
[Result "0-1"]

1. e4 c5 2. Bc4 Nc6 3. Ne2 e5 4. O-O Nf6 5. d3 Be7 6. Nec3 O-O 7. Nd5 Nxd5 8. exd5 Nd4 9. Qh5 d6 10. Na3 a6 11. c3 g6 12. Qh6 Nf5 13. Qd2 b5 14. Bb3 Bb7 {White forfeits on time} 0-1

[Event "FICS rated blitz game"]
[Site "FICS freechess.org"]
[FICSGamesDBGameNo "20002699"]
[White "warszawa"]
[Black "hazmat"]
[WhiteElo "1517"]
[BlackElo "1529"]
[WhiteRD "na"]
[BlackRD "na"]
[TimeControl "240+0"]
[Date "1999.10.15"]
[Time "20:33:00"]
[WhiteClock "0:04:00.000"]
[BlackClock "0:04:00.000"]
[ECO "C41"]
[PlyCount "52"]
[Result "0-1"]

1. e4 e5 2. Nf3 d6 3. Bc4 Be7 4. O-O f5 5. exf5 Bxf5 6. d4 e4 7. Bxg8 Rxg8 8. Ne1 d5 9. f4 Nc6 10. g3 Qd7 11. Ng2 O-O-O 12. Ne3 Bh3 13. Rf2 g5 14. Nc3 gxf4 15. Rxf4 Bd6 16. Rf2 Bxg3 17. hxg3 Rxg3+ 18. Kh1 Rdg8 19. Ncxd5 Rg1+ 20. Qxg1 Rxg1+ 21. Kxg1 b6 22. Rf8+ Kb7 23. c3 Qg7+ 24. Kh2 Qxf8 25. Kxh3 Qf3+ 26. Kh2 Nd8 {White forfeits on time} 0-1

[Event "FICS rated blitz game"]
[Site "FICS freechess.org"]
[FICSGamesDBGameNo "20002697"]
[White "mrfischer"]
[Black "mrtoad"]
[WhiteElo "1419"]
[BlackElo "1546"]
[WhiteRD "na"]
[BlackRD "na"]
[TimeControl "180+0"]
[Date "1999.10.15"]
[Time "19:11:00"]
[WhiteClock "0:03:00.000"]
[BlackClock "0:03:00.000"]
[ECO "B14"]
[PlyCount "45"]
[Result "1-0"]

1. e4 c6 2. d4 d5 3. exd5 cxd5 4. c4 Nf6 5. Nc3 e6 6. Bd3 Be7 7. Nge2 dxc4 8. Bxc4 O-O 9. O-O Nc6 10. Be3 a6 11. Bd3 Nd5 12. Nxd5 Qxd5 13. Rc1 Bf6 14. Ng3 Bxd4 15. Bxd4 Nxd4 16. Re1 Bd7 17. Bb1 Bc6 18. f3 Rfd8 19. Qd3 g6 20. Ne4 Kg7 21. Qc3 Rac8 22. Rcd1 Kg8 23. Nf6+ {Black resigns} 1-0

[Event "FICS rated blitz game"]
[Site "FICS freechess.org"]
[FICSGamesDBGameNo "20002696"]
[White "quintic"]
[Black "franzone"]
[WhiteElo "1198"]
[BlackElo "1271"]
[WhiteRD "na"]
[BlackRD "na"]
[TimeControl "300+0"]
[Date "1999.10.15"]
[Time "17:43:00"]
[WhiteClock "0:05:00.000"]
[BlackClock "0:05:00.000"]
[ECO "B40"]
[PlyCount "43"]
[Result "1-0"]

1. e4 e6 2. Nf3 c5 3. Nc3 Nc6 4. Bc4 a6 5. a4 d6 6. O-O Nf6 7. d3 Be7 8. Bg5 O-O 9. Re1 h6 10. Bh4 Nd4 11. Nxd4 cxd4 12. Ne2 d5 13. exd5 exd5 14. Bb3 Ng4 15. Bxe7 Qxe7 16. Nxd4 Qh4 17. h3 Qxf2+ 18. Kh1 Ne3 19. Qe2 Qxg2+ 20. Qxg2 Nxg2 21. Kxg2 Bxh3+ 22. Kxh3 {Black resigns} 1-0

[Event "FICS rated blitz game"]
[Site "FICS freechess.org"]
[FICSGamesDBGameNo "20002694"]
[White "pjacobi"]
[Black "samha"]
[WhiteElo "1585"]
[BlackElo "1386"]
[WhiteRD "na"]
[BlackRD "na"]
[TimeControl "180+3"]
[Date "1999.10.15"]
[Time "16:26:00"]
[WhiteClock "0:03:00.000"]
[BlackClock "0:03:00.000"]
[ECO "C46"]
[PlyCount "65"]
[Result "1-0"]

1. e4 e5 2. Nf3 Nc6 3. Nc3 Bc5 4. Nxe5 Nxe5 5. d4 Bb4 6. dxe5 Bxc3+ 7. bxc3 Ne7 8. Ba3 O-O 9. f4 Re8 10. Bc4 Ng6 11. O-O b6 12. Qh5 Qh4 13. Qxh4 Nxh4 14. g3 Ng6 15. Bd3 Bb7 16. c4 c5 17. Bb2 Ne7 18. f5 Nc6 19. e6 dxe6 20. fxe6 Rxe6 21. Rf2 Nb4 22. a3 Nxd3 23. cxd3 Rd8 24. Rd1 Bxe4 25. Rfd2 Bf3 26. Rf1 Bg4 27. Rf4 Bh3 28. Rh4 Re1+ 29. Kf2 Rf1+ 30. Ke2 Re8+ 31. Re4 Bg4+ 32. Kxf1 Bf5 33. Rxe8# {Black checkmated} 1-0

[Event "FICS rated blitz game"]
[Site "FICS freechess.org"]
[FICSGamesDBGameNo "20002692"]
[White "Elmerson"]
[Black "FrontaLobotomy"]
[WhiteElo "1501"]
[BlackElo "1592"]
[WhiteRD "na"]
[BlackRD "na"]
[TimeControl "180+0"]
[Date "1999.10.15"]
[Time "15:29:00"]
[WhiteClock "0:03:00.000"]
[BlackClock "0:03:00.000"]
[ECO "B23"]
[PlyCount "65"]
[Result "1-0"]

1. e4 c5 2. Nc3 d6 3. g3 Nf6 4. Bg2 e5 5. d3 Be7 6. f4 exf4 7. Bxf4 O-O 8. Nf3 Bg4 9. O-O Qd7 10. Ne2 a6 11. c3 Nc6 12. Qc2 Rfe8 13. d4 cxd4 14. Nfxd4 Rac8 15. Nxc6 bxc6 16. Nd4 Bh3 17. Qf2 Bxg2 18. Qxg2 Bf8 19. Rfe1 Rb8 20. b3 c5 21. Nf5 g6 22. Nh6+ Kh8 23. Rad1 Nh5 24. Bc1 Qe6 25. Qf3 Nf6 26. Bf4 c4 27. b4 a5 28. a3 axb4 29. axb4 d5 30. exd5 Qxe1+ 31. Rxe1 Rxe1+ 32. Kg2 Nh5 33. Nxf7+ {Black forfeits on time} 1-0

[Event "FICS rated blitz game"]
[Site "FICS freechess.org"]
[FICSGamesDBGameNo "20002691"]
[White "sbearcat"]
[Black "sexygrl"]
[WhiteElo "1339"]
[BlackElo "1254"]
[WhiteRD "na"]
[BlackRD "na"]
[TimeControl "120+12"]
[Date "1999.10.15"]
[Time "14:42:00"]
[WhiteClock "0:02:00.000"]
[BlackClock "0:02:00.000"]
[ECO "C24"]
[PlyCount "117"]
[Result "1-0"]

1. e4 e5 2. Bc4 Nf6 3. d3 Bc5 4. Be3 Bxe3 5. fxe3 a6 6. Nf3 Nc6 7. O-O O-O 8. a3 Re8 9. Ng5 Rf8 10. Nc3 d6 11. h3 h6 12. Nf3 b5 13. Ba2 Na5 14. Nd5 c6 15. Nxf6+ Qxf6 16. d4 Be6 17. Nxe5 Qe7 18. Bxe6 dxe5 19. d5 cxd5 20. Bxd5 Rad8 21. Qh5 Nc4 22. Bxc4 bxc4 23. c3 Rd3 24. Rae1 Rd2 25. Re2 Rxe2 26. Qxe2 Rc8 27. Rd1 Qb7 28. Rd5 f6 29. Qd2 Kh7 30. Kf2 h5 31. Kf3 Rb8 32. Rc5 Qxb2 33. Qxb2 Rxb2 34. Rxc4 Rb3 35. a4 Kh6 36. Ke2 Rb2+ 37. Kf1 g5 38. Rc6 Kg6 39. c4 Rb4 40. Rxa6 Rxc4 41. Ra8 Rxe4 42. Kf2 g4 43. hxg4 hxg4 44. g3 Kg5 45. a5 f5 46. a6 Ra4 47. a7 f4 48. Rg8+ Kf5 49. a8=Q fxg3+ 50. Kxg3 Rxa8 51. Rxa8 Ke4 52. Re8 Kxe3 53. Rxe5+ Kd4 54. Rg5 Kd3 55. Rxg4 Ke2 56. Rd4 Kf1 57. Kf3 Ke1 58. Rd3 Kf1 59. Rd1# {Black checkmated} 1-0

[Event "FICS rated blitz game"]
[Site "FICS freechess.org"]
[FICSGamesDBGameNo "20002690"]
[White "Chibouki"]
[Black "mps"]
[WhiteElo "1162"]
[BlackElo "1562"]
[WhiteRD "na"]
[BlackRD "na"]
[TimeControl "240+12"]
[Date "1999.10.15"]
[Time "14:37:00"]
[WhiteClock "0:04:00.000"]
[BlackClock "0:04:00.000"]
[ECO "A45"]
[PlyCount "66"]
[Result "0-1"]

1. d4 Nf6 2. d5 e5 3. dxe6 fxe6 4. Nf3 Bc5 5. e3 O-O 6. Nc3 Nc6 7. Bd3 e5 8. Bc4+ Kh8 9. Ng5 Qe7 10. Qh5 Nxh5 11. e4 Nf4 12. Bxf4 exf4 13. h4 Nd4 14. O-O-O h6 15. Nd5 Qd8 16. Nf3 Nxf3 17. gxf3 c6 18. Nc3 Bxf2 19. e5 Be3+ 20. Kb1 Qe7 21. Ne2 Qxe5 22. h5 d5 23. Bd3 d4 24. Rh4 Be6 25. b3 a6 26. Re1 Bd5 27. Ng1 b5 28. Nh3 c5 29. Be4 Bxe4 30. fxe4 Qxe4 31. Re2 Qh1+ 32. Kb2 b4 33. c3 Qc1# {White checkmated} 0-1

[Event "FICS rated blitz game"]
[Site "FICS freechess.org"]
[FICSGamesDBGameNo "20002689"]
[White "Kolas"]
[Black "mrfischer"]
[WhiteElo "1598"]
[BlackElo "1438"]
[WhiteRD "na"]
[BlackRD "na"]
[TimeControl "180+0"]
[Date "1999.10.15"]
[Time "12:47:00"]
[WhiteClock "0:03:00.000"]
[BlackClock "0:03:00.000"]
[ECO "B75"]
[PlyCount "102"]
[Result "1/2-1/2"]

1. e4 c5 2. Nf3 d6 3. d4 cxd4 4. Nxd4 Nf6 5. Nc3 g6 6. Be3 Bg7 7. f3 Nc6 8. Bc4 Qb6 9. Bb3 Nxe4 10. Nxe4 Bxd4 11. Bxd4 Qxd4 12. c3 Qxd1+ 13. Rxd1 O-O 14. O-O Na5 15. Bc2 Nc4 16. b3 Ne3 17. Bb1 Nxd1 18. Rxd1 Bf5 19. c4 Bxe4 20. fxe4 Rac8 21. Kf2 Rc5 22. Kf3 Re5 23. g4 Rc8 24. h4 Rcc5 25. Re1 b5 26. cxb5 Rxb5 27. Bd3 Rbc5 28. Bc4 e6 29. Rd1 d5 30. exd5 exd5 31. Bd3 Rc3 32. Kf4 Re8 33. Bb1 Ree3 34. Rxd5 Rf3+ 35. Kg5 f6+ 36. Kh6 Rh3 37. h5 gxh5 38. gxh5 Rc6 39. Rd8+ Kf7 40. Rd7+ Ke8 41. Rxa7 f5+ 42. Kg5 Rg3+ 43. Kxf5 Rc5+ 44. Kf4 Rgg5 45. Rxh7 Rxh5 46. Rxh5 Rxh5 47. Bg6+ Ke7 48. Bxh5 Kd6 49. Ke4 Kc5 50. Kd3 Kb4 51. Bf7 Ka3 {White ran out of time and Black has no material to mate} 1/2-1/2

[Event "FICS rated lightning game"]
[Site "FICS freechess.org"]
[FICSGamesDBGameNo "20002688"]
[White "mishmash"]
[Black "MDerby"]
[WhiteElo "1866"]
[BlackElo "1437"]
[WhiteRD "na"]
[BlackRD "na"]
[TimeControl "120+0"]
[Date "1999.10.15"]
[Time "11:57:00"]
[WhiteClock "0:02:00.000"]
[BlackClock "0:02:00.000"]
[ECO "D00"]
[PlyCount "46"]
[Result "1-0"]

1. e4 d5 2. d4 dxe4 3. f3 exf3 4. Nxf3 Nf6 5. Bd3 Bg4 6. O-O Nc6 7. c3 Qd7 8. Bf4 O-O-O 9. Nbd2 h6 10. b4 g5 11. Bg3 h5 12. b5 Na5 13. Nb3 Nxb3 14. axb3 Kb8 15. Bf2 Bg7 16. Qc2 b6 17. Ne5 Qe6 18. Nc6+ Kb7 19. Rxa7+ Kc8 20. h3 Bxh3 21. gxh3 Qxh3 22. Bf5+ Qxf5 23. Qxf5+ e6 {Black resigns} 1-0

[Event "FICS rated blitz game"]
[Site "FICS freechess.org"]
[FICSGamesDBGameNo "20002687"]
[White "Johnlaure"]
[Black "Yashuwa"]
[WhiteElo "1337"]
[BlackElo "1624"]
[WhiteRD "na"]
[BlackRD "na"]
[TimeControl "300+0"]
[Date "1999.10.15"]
[Time "11:29:00"]
[WhiteClock "0:05:00.000"]
[BlackClock "0:05:00.000"]
[ECO "B07"]
[PlyCount "71"]
[Result "1-0"]

1. e4 d6 2. d4 Nf6 3. Nc3 c6 4. Nf3 Bg4 5. h3 Bh5 6. g4 Bg6 7. Bd3 Nbd7 8. h4 h6 9. g5 hxg5 10. Nxg5 Bh5 11. Be2 Qa5 12. Bd2 Qc7 13. Bxh5 Nxh5 14. Qf3 Ndf6 15. O-O-O e5 16. Be3 O-O-O 17. Rhg1 g6 18. Kb1 Kb8 19. d5 Bh6 20. dxc6 bxc6 21. Rd3 Qe7 22. Rgd1 Ng7 23. Ne2 Ne6 24. Rb3+ Ka8 25. Ra3 c5 26. b4 Nd4 27. Nxd4 cxd4 28. Bxd4 exd4 29. e5+ d5 30. exf6 Qd7 31. Rxd4 Bxg5 32. hxg5 Rh5 33. Kb2 Qf5 34. Qd3 Qxf2 35. Rxd5 Rh2 36. Rxd8+ {Black forfeits on time} 1-0

[Event "FICS rated blitz game"]
[Site "FICS freechess.org"]
[FICSGamesDBGameNo "20002686"]
[White "nsns"]
[Black "Tanuki"]
[WhiteElo "1781"]
[BlackElo "1815"]
[WhiteRD "na"]
[BlackRD "na"]
[TimeControl "180+0"]
[Date "1999.10.15"]
[Time "10:55:00"]
[WhiteClock "0:03:00.000"]
[BlackClock "0:03:00.000"]
[ECO "C05"]
[PlyCount "79"]
[Result "1-0"]

1. e4 e6 2. d4 d5 3. Nd2 Nf6 4. e5 Nfd7 5. Bd3 c5 6. c3 Nc6 7. Ne2 a6 8. O-O b5 9. f4 f5 10. exf6 Nxf6 11. f5 Be7 12. fxe6 Bxe6 13. Nf4 Bf7 14. dxc5 Bxc5+ 15. Kh1 O-O 16. Nf3 Ng4 17. Qc2 h6 18. h3 Nge5 19. Bh7+ Kh8 20. Bg6 Nxf3 21. Rxf3 Ne5 22. Bxf7 Rxf7 23. Ng6+ Kg8 24. Nxe5 Rxf3 25. Nxf3 Qf6 26. Qd3 Rd8 27. Be3 Bd6 28. Rf1 Qe7 29. Bd4 Bb8 30. Qg6 Rf8 31. Re1 Qc7 32. Qe6+ Kh8 33. Qxh6+ Kg8 34. Qe6+ Kh8 35. Be5 Qb7 36. Ng5 Bxe5 37. Rxe5 Qc8 38. Qg6 Rf1+ 39. Kh2 Qg8 40. Qh5+ {Black resigns} 1-0

[Event "FICS rated blitz game"]
[Site "FICS freechess.org"]
[FICSGamesDBGameNo "20002685"]
[White "chrisbee"]
[Black "jjoe"]
[WhiteElo "1597"]
[BlackElo "1873"]
[WhiteRD "na"]
[BlackRD "na"]
[TimeControl "600+0"]
[Date "1999.10.15"]
[Time "10:50:00"]
[WhiteClock "0:10:00.000"]
[BlackClock "0:10:00.000"]
[ECO "B07"]
[PlyCount "95"]
[Result "0-1"]

1. e4 e6 2. d4 d6 3. Nf3 Ne7 4. Nc3 b6 5. Bb5+ Nd7 6. O-O Ng6 7. Bg5 Be7 8. Bxe7 Qxe7 9. Bc6 Rb8 10. d5 e5 11. Ne2 O-O 12. Ng3 Nf6 13. Nf5 Bxf5 14. exf5 Nf4 15. g3 N4h5 16. c4 g6 17. Nh4 Ne4 18. Qg4 Nef6 19. Qg5 Nxd5 20. Qxe7 Nxe7 21. Be4 g5 22. Nf3 f6 23. Rfd1 a5 24. a3 Rfd8 25. b4 Ra8 26. Bxa8 Rxa8 27. c5 Nc8 28. cxd6 Nxd6 29. Rac1 axb4 30. axb4 Ra7 31. Rc6 Ng7 32. h4 g4 33. Nd2 Ngxf5 34. Nc4 Nxc4 35. Rxc4 Nd4 36. Kf1 h5 37. Rdc1 c6 38. Ke1 Kf7 39. Kd2 Ke6 40. Kd3 Kd6 41. Ke4 Ra2 42. Rd1 Rxf2 43. Rdxd4+ exd4 44. Rxd4+ Kc7 45. Rd3 Rb2 46. Rd4 c5 47. Rc4 Rxb4 48. Rxb4 {White resigns} 0-1

[Event "FICS rated blitz game"]
[Site "FICS freechess.org"]
[FICSGamesDBGameNo "20002684"]
[White "lochsa"]
[Black "WhiteNoise"]
[WhiteElo "1467"]
[BlackElo "1460"]
[WhiteRD "na"]
[BlackRD "na"]
[TimeControl "240+0"]
[Date "1999.10.15"]
[Time "10:12:00"]
[WhiteClock "0:04:00.000"]
[BlackClock "0:04:00.000"]
[ECO "B01"]
[PlyCount "119"]
[Result "1-0"]

1. e4 d5 2. exd5 Nf6 3. d4 Bg4 4. f3 Bf5 5. Bf4 Nxd5 6. Bg3 a6 7. Bc4 Nc6 8. Bxd5 Qxd5 9. Ne2 O-O-O 10. Nbc3 Qe6 11. O-O Qg6 12. a3 Bxc2 13. Qd2 Bd3 14. Rfd1 Bxe2 15. Nxe2 e5 16. Qc3 Bd6 17. dxe5 Bxe5 18. Bxe5 Rhe8 19. Bg3 Rxe2 20. Rxd8+ Kxd8 21. Rd1+ Kc8 22. b4 Qe6 23. Qd3 Re3 24. Qd5 Qxd5 25. Rxd5 Rxa3 26. Rf5 f6 27. Rh5 h6 28. Rh4 Rb3 29. Rg4 g5 30. Re4 Kd7 31. Be1 Rb1 32. Kf2 f5 33. Rc4 Ne5 34. Rd4+ Kc6 35. g3 Rb2+ 36. Rd2 Rxd2+ 37. Bxd2 Nd3+ 38. Ke3 f4+ 39. Kxd3 fxg3 40. hxg3 Kb5 41. f4 gxf4 42. gxf4 h5 43. f5 h4 44. Ke3 h3 45. Kf2 Kc6 46. Kg3 Kd5 47. Kxh3 Ke5 48. Kg4 Kf6 49. Bc3+ Kf7 50. Kg5 b6 51. f6 c5 52. bxc5 bxc5 53. Ba5 c4 54. Bb4 a5 55. Bxa5 c3 56. Bxc3 Ke8 57. Kg6 Kf8 58. Bb4+ Kg8 59. f7+ Kh8 60. f8=Q# {Black checkmated} 1-0

[Event "FICS rated blitz game"]
[Site "FICS freechess.org"]
[FICSGamesDBGameNo "20002682"]
[White "Bluemaster"]
[Black "Neelix"]
[WhiteElo "1967"]
[BlackElo "2026"]
[WhiteRD "na"]
[BlackRD "na"]
[TimeControl "180+0"]
[Date "1999.10.15"]
[Time "10:05:00"]
[WhiteClock "0:03:00.000"]
[BlackClock "0:03:00.000"]
[ECO "B12"]
[PlyCount "62"]
[Result "0-1"]

1. e4 c6 2. d4 d5 3. e5 Bf5 4. Ne2 h6 5. Ng3 Bh7 6. f4 e6 7. Bd3 Bxd3 8. Qxd3 g6 9. h4 h5 10. Nd2 Be7 11. Nf3 Nh6 12. Ng5 Nd7 13. Bd2 Bxg5 14. hxg5 Ng4 15. Qf3 c5 16. Qxg4 hxg4 17. Rxh8+ Nf8 18. dxc5 Qe7 19. Ba5 Qxc5 20. Bc3 d4 21. Bd2 O-O-O 22. Ne4 Qd5 23. Nd6+ Rxd6 24. Rxf8+ Rd8 25. Rxf7 Qxg2 26. O-O-O g3 27. Bb4 Qe2 28. Bd6 Rxd6 29. exd6 Qxd1+ 30. Kxd1 g2 31. d7+ Kd8 {White resigns} 0-1

[Event "FICS rated blitz game"]
[Site "FICS freechess.org"]
[FICSGamesDBGameNo "20002680"]
[White "BlackOrchid"]
[Black "chrisbee"]
[WhiteElo "1546"]
[BlackElo "1597"]
[WhiteRD "na"]
[BlackRD "na"]
[TimeControl "300+5"]
[Date "1999.10.15"]
[Time "09:35:00"]
[WhiteClock "0:05:00.000"]
[BlackClock "0:05:00.000"]
[ECO "E10"]
[PlyCount "79"]
[Result "1-0"]

1. d4 Nf6 2. c4 e6 3. Nf3 c5 4. e3 cxd4 5. exd4 Bb4+ 6. Nbd2 Nc6 7. Bd3 O-O 8. O-O d5 9. c5 Re8 10. a3 Ba5 11. b4 Bc7 12. b5 Ne7 13. Bb2 Ng6 14. Re1 Nf4 15. Bf1 Ba5 16. g3 Ng6 17. Qc2 Ne4 18. Rec1 a6 19. b6 Nxd2 20. Nxd2 Bxd2 21. Qxd2 Bd7 22. Bd3 Bc6 23. f4 Ne7 24. Qc2 h6 25. Rf1 f5 26. Rae1 Qd7 27. Rf3 Kf7 28. Rfe3 Ng8 29. Qe2 Nf6 30. h3 Ne4 31. Kh2 Bb5 32. Bxb5 Qxb5 33. Qxb5 axb5 34. R1e2 g5 35. Rb3 Ra5 36. Rc2 gxf4 37. gxf4 Rc8 38. c6 Rxc6 39. Rxc6 bxc6 40. b7 {Black resigns} 1-0

[Event "FICS rated blitz game"]
[Site "FICS freechess.org"]
[FICSGamesDBGameNo "20002678"]
[White "Svenza"]
[Black "Meowrus"]
[WhiteElo "2013"]
[BlackElo "1951"]
[WhiteRD "na"]
[BlackRD "na"]
[TimeControl "240+0"]
[Date "1999.10.15"]
[Time "09:26:00"]
[WhiteClock "0:04:00.000"]
[BlackClock "0:04:00.000"]
[ECO "B97"]
[PlyCount "86"]
[Result "0-1"]

1. e4 c5 2. Nf3 d6 3. d4 cxd4 4. Nxd4 Nf6 5. Nc3 a6 6. Bg5 e6 7. f4 Qb6 8. Qd2 Qxb2 9. Rb1 Qa3 10. e5 dxe5 11. fxe5 Nfd7 12. Rb3 Qa5 13. Ncb5 Qxd2+ 14. Kxd2 axb5 15. Nxb5 Na6 16. Be2 Nxe5 17. Rd1 Be7 18. Bf4 Nc6 19. Rg3 O-O 20. Bh6 Rd8+ 21. Bd3 g6 22. Nc3 Ne5 23. Ne4 Nb4 24. a4 Nbxd3 25. cxd3 Rxa4 26. Ke2 Nxd3 27. Rgxd3 Rxe4+ 28. Kf3 Rxd3+ 29. Rxd3 Rc4 30. g4 e5 31. Rd2 Bxg4+ 32. Kg3 f5 33. Ra2 Rc3+ 34. Kg2 Bf3+ 35. Kf2 b5 36. Ra7 Bc5+ 37. Be3 Bxe3+ 38. Kg3 Bxa7 39. h4 Bg4+ 40. Kg2 Rc2+ 41. Kf1 b4 42. Ke1 b3 43. Kf1 b2 {White resigns} 0-1

[Event "FICS rated lightning game"]
[Site "FICS freechess.org"]
[FICSGamesDBGameNo "20002677"]
[White "Bogoljubov"]
[Black "Burgsvik"]
[WhiteElo "2004"]
[BlackElo "1995"]
[WhiteRD "na"]
[BlackRD "na"]
[TimeControl "120+0"]
[Date "1999.10.15"]
[Time "07:12:00"]
[WhiteClock "0:02:00.000"]
[BlackClock "0:02:00.000"]
[ECO "D02"]
[PlyCount "58"]
[Result "0-1"]

1. Nf3 d5 2. d4 e6 3. c4 f5 4. Nc3 Nf6 5. Bf4 c6 6. e3 Be7 7. Bd3 O-O 8. Qc2 Ne4 9. g4 fxg4 10. Nxe4 dxe4 11. Bxe4 gxf3 12. Bxh7+ Kh8 13. O-O-O Bg5 14. Be5 Bh6 15. Rdg1 Nd7 16. Bd6 Rf6 17. Kb1 Nf8 18. Be5 Nxh7 19. Bxf6 Qxf6 20. Rg6 Qf5 21. Rhg1 Qxc2+ 22. Kxc2 Bd7 23. e4 Rf8 24. R6g3 Rf4 25. Kd3 c5 26. d5 exd5 27. cxd5 Bb5+ 28. Kc3 Rxe4 29. Rxf3 Rd4 {White resigns} 0-1

[Event "FICS rated blitz game"]
[Site "FICS freechess.org"]
[FICSGamesDBGameNo "20002676"]
[White "Shivato"]
[Black "gais"]
[WhiteElo "1283"]
[BlackElo "1203"]
[WhiteRD "na"]
[BlackRD "na"]
[TimeControl "180+0"]
[Date "1999.10.15"]
[Time "06:22:00"]
[WhiteClock "0:03:00.000"]
[BlackClock "0:03:00.000"]
[ECO "C00"]
[PlyCount "104"]
[Result "0-1"]

1. e4 e6 2. Nf3 d6 3. Bc4 Nc6 4. d4 Nf6 5. e5 dxe5 6. dxe5 Nd7 7. Bg5 Be7 8. Bxe7 Qxe7 9. Nc3 Ncxe5 10. Nxe5 Nxe5 11. O-O Nxc4 12. Ne4 Nxb2 13. Qc1 Nc4 14. Qf4 Nd6 15. Nxd6+ Qxd6 16. Qa4+ Bd7 17. Qc4 O-O-O 18. Rfd1 Qc6 19. Qb3 b6 20. Rab1 Qa4 21. Qxa4 Bxa4 22. Rxd8+ Rxd8 23. Rf1 Bxc2 24. h3 Rd1 25. Rxd1 Bxd1 26. Kf1 Ba4 27. Ke2 c5 28. Kd3 Kc7 29. Kc4 Kc6 30. g3 Bb5+ 31. Kc3 Kd5 32. f4 a5 33. h4 c4 34. a3 g6 35. Kd2 f5 36. Kc3 e5 37. fxe5 Kxe5 38. Kd2 Ke4 39. Ke2 f4 40. gxf4 Kxf4 41. Kd2 h5 42. Ke2 g5 43. hxg5 Kxg5 44. Kf2 Kg4 45. Kg2 h4 46. Kh2 h3 47. Kg1 Bc6 48. Kh2 b5 49. Kg1 c3 50. Kh2 c2 51. Kg1 c1=Q+ 52. Kh2 Qh1# {White checkmated} 0-1

[Event "FICS rated blitz game"]
[Site "FICS freechess.org"]
[FICSGamesDBGameNo "20002674"]
[White "rames"]
[Black "SergeZ"]
[WhiteElo "1532"]
[BlackElo "1695"]
[WhiteRD "na"]
[BlackRD "na"]
[TimeControl "180+0"]
[Date "1999.10.15"]
[Time "05:06:00"]
[WhiteClock "0:03:00.000"]
[BlackClock "0:03:00.000"]
[ECO "A48"]
[PlyCount "50"]
[Result "0-1"]

1. d4 Nf6 2. Nf3 g6 3. Bf4 Bg7 4. e3 O-O 5. Bd3 d6 6. Nbd2 Nh5 7. Bg3 Nxg3 8. hxg3 e5 9. c3 f5 10. Be2 f4 11. Qb3+ Kh8 12. gxf4 exf4 13. e4 Nc6 14. O-O-O Na5 15. Qa4 c5 16. b4 cxb4 17. cxb4 Nc6 18. Nc4 Bd7 19. b5 d5 20. exd5 Ne7 21. Nd6 Nxd5 22. Bc4 Qc7 23. Ne4 a6 24. bxa6 Bxa4 25. axb7 Qxc4+ {White resigns} 0-1

[Event "FICS rated blitz game"]
[Site "FICS freechess.org"]
[FICSGamesDBGameNo "20002673"]
[White "Fin"]
[Black "Kitakawa"]
[WhiteElo "1463"]
[BlackElo "1425"]
[WhiteRD "na"]
[BlackRD "na"]
[TimeControl "300+0"]
[Date "1999.10.15"]
[Time "03:08:00"]
[WhiteClock "0:05:00.000"]
[BlackClock "0:05:00.000"]
[ECO "D00"]
[PlyCount "87"]
[Result "1-0"]

1. e4 c6 2. d4 d5 3. Nc3 dxe4 4. f3 exf3 5. Nxf3 Nf6 6. Bc4 e6 7. O-O Be7 8. Qe2 O-O 9. Bg5 Nbd7 10. Rad1 Nb6 11. Bd3 c5 12. dxc5 Nbd5 13. Bxf6 Bxf6 14. Ne4 Qc7 15. g3 Bd7 16. c3 Bc6 17. Neg5 h6 18. Ne4 Be7 19. Nd4 Nf6 20. Nxf6+ Bxf6 21. Rxf6 gxf6 22. Rf1 Qe5 23. Qd2 Qg5 24. Qf2 f5 25. b4 Qg4 26. b5 Be4 27. Bxe4 Qxe4 28. a4 Kh7 29. Qd2 Rg8 30. Rf4 Qd5 31. Rh4 Rg6 32. Qf4 Rag8 33. Kf1 Qc4+ 34. Kg1 Qd3 35. c6 bxc6 36. Nxc6 Qd1+ 37. Kg2 Qe2+ 38. Qf2 Qxf2+ 39. Kxf2 Rg4 40. Ne7 Rxh4 41. Nxg8 Kxg8 42. gxh4 Kg7 43. Kf3 Kf6 44. Kf4 {Black forfeits on time} 1-0